 Dungeon Crawl Stone Soup version 0.29-a0-284-gf9362112df (webtiles) character file.

Game seed: 14318248326339463312

67 spaghetti the Caller (level 4, -3/34 (36) HPs)
             Began as a Naga Summoner on Mar 21, 2022.
             Shot with an arrow by a centaur (4 damage)
             ... on level 4 of the Dungeon.
             The game lasted 00:04:06 (2100 turns).

spaghetti the Caller (Naga Summoner)                Turns: 2100, Time: 00:04:07

HP:   -3/34 (36)    AC:  8    Str: 10    XL:     4   Next: 16%
MP:   8/8           EV:  6    Int: 18    God:
Gold: 171           SH:  0    Dex: 11    Spells: 4/8 levels left

rFire   . . .      SeeInvis +   i - +1 whip (venom) {mace}
rCold   . . .      Faith    .   (no shield)
rNeg    . . .      Spirit   .   l - +4 scale mail {rPois}
rPois   +          Reflect  .   (no helmet)
rElec   .          Harm     .   (no cloak)
rCorr   .          Rampage  .   (no gloves)
Will    .....                   (no barding)
Stlth   +.........              (no amulet)
HPRegen 0.11/turn               (no ring)
MPRegen 0.11/turn               (no ring)

@: weak-willed, drained, very slow
A: AC +1, large, see invisible, deformed body, poison resistance, slowness 2,
spit poison 1, naga tail 1
a: Spit Poison


You were on level 4 of the Dungeon.
You visited 1 branch of the dungeon, and saw 4 of its levels.

You collected 171 gold pieces.


Innate Abilities, Weirdness & Mutations

Your serpentine skin is tough. (AC +1)
You have supernaturally acute eyesight. (SInv)
Armour fits poorly on your strangely shaped body.
Your system is resistant to poisons. (rPois)
You cover ground very slowly.
You can spit poison.
You have a snake-like lower body.


   Skills:
 - Level 1.5 Dodging
 - Level 3.0 Stealth
 + Level 2.7 Spellcasting
 * Level 5.1 Summonings


You had 4 spell levels left.
You knew the following spells:

 Your Spells              Type           Power      Damage    Failure   Level
a - Summon Small Mammal   Summ           84%        N/A       14%         1
b - Call Canine Familiar  Summ           21%        N/A       41%         3

Your spell library contained the following spells:

 Spells                   Type           Power      Damage    Failure   Level
 Call Imp                 Summ           21%        N/A       22%         2
 Summon Guardian Golem    Hex/Summ       11%        N/A       77%         3
 Summon Lightning Spire   Summ/Air       11%        N/A       99%         4

Inventory:

Hand Weapons
 c - a +0 hunting sling {sling}
   (You found it on level 1 of the Dungeon)
 g - a +0 dagger {short}
   (You took it off a kobold on level 1 of the Dungeon)
 i - a +1 whip of venom (weapon) {mace}
   (You found it on level 1 of the Dungeon)
Missiles
 h - a stone {throwing}
 k - 4 curare-tipped darts {=fthrowing}
 m - 6 poisoned darts {throwing}
Armour
 a - a +0 robe
 l - a +4 scale mail of poison resistance (worn)
   (You took it off Terence on level 2 of the Dungeon)
Jewellery
 b - a ring of see invisible
   (You found it on level 1 of the Dungeon)
Scrolls
 f - a scroll of identify {@r1}
 j - a scroll of enchant armour

Dungeon Overview and Level Annotations

Branches:
Dungeon (5/15)
 Temple: D:4-7

Altars:

###### ......###
........#########
........#.@.....# ...
.......OhW......c.
....#######..n#.......#.
....... #...#h......#
....... #...........#
.......######.........#
.............(..........
..........W...#.........
##............#.......


You could see an ogre, a necrophage (weak-willed), a phantom (weak-willed), a
centaur and 2 jackals.


Message History

The phantom hits you but does no damage.
Unknown command.
Unknown command.
You hit the phantom. The necrophage barely misses you.
The phantom barely misses you.
Unknown command.
Unknown command.
The necrophage hits you.
You feel drained. The phantom barely misses you.
You climb upwards.
Your surroundings seem slightly different.
The jackal bites you.
The jackal bites you but does no damage.
The jackal barely misses you.
The jackal bites you but does no damage.
The jackal closely misses you. 😕 HP[-3]
You now have 34 max hp (-1).
You take 3 damage, and now have 32/34 hp.
Unknown command.
Unknown command.
You aren't carrying any potions.
Unknown command.
As you read the scroll labelled CIJECIONONN, it crumbles to dust.
Magic quickly surges around you.
It was a scroll of vulnerability.
The jackal bites you. x2; The jackal closely misses you. 😕 HP[-3]
You take 3 damage, and now have 29/34 hp.
You aren't carrying any items that you can evoke.
You aren't carrying any potions.
Unknown command.
The jackal attacks as you move away!
The jackal bites you but does no damage.
The jackal attacks as you move away!
The jackal bites you but does no damage. x2
The phantom hits you.
The phantom blinks!
You blink. 😕 HP[-1]
You take 1 damage, and now have 28/34 hp.
Unknown command.
The phantom hits you but does no damage. 😕 HP[+1]
The phantom attacks as you move away!
The phantom hits you but does no damage.
The phantom attacks as you move away! The phantom hits you. 😕 HP[-2]
You take 2 damage, and now have 27/34 hp.
The jackal barely misses you. The phantom hits you. 😕 HP[-1]
You take 1 damage, and now have 26/34 hp.
The jackal attacks as you move away! The jackal barely misses you.
The jackal bites you but does no damage.
The phantom attacks as you move away!
The phantom hits you but does no damage.
The jackal bites you. 😮 HP[-1]
You take 1 damage, and now have 25/34 hp.
The phantom attacks as you move away!
The phantom hits you but does no damage.
An ogre comes into view. It is wielding a +0 giant club.
The ogre shouts!
The jackal bites you but does no damage.
The jackal barely misses you. 😕 HP[+1]
You hit the jackal but do no damage.
The jackal is poisoned.
The jackal bites you but does no damage. x2
The phantom barely misses you.
The jackal bites you but does no damage.
The jackal barely misses you. x2
As you open the door, it creaks loudly!
You hear a shout!
The jackal bites you.
The jackal bites you but does no damage.
The phantom closely misses you.
The jackal bites you but does no damage. 😮 HP[-1]
You take 1 damage, and now have 25/34 hp.
The jackal bites you but does no damage.
The ogre hits you with a +0 giant club!!
Ouch! That really hurt!
* * * LOW HITPOINT WARNING * * *
The phantom hits you but does no damage.
There is an open door, spattered with blood here. 😱 HP[-24]
You take 24 damage, and now have 1/34 hp.
MASSIVE DAMAGE!! (PAUSE) Unknown command.
Unknown command.
Something unseen opens the door.
A centaur comes into view.
The jackal barely misses you.
Unknown command.
Unknown command.
Unknown command.
Unknown command.
You aren't carrying any potions.
You kill the jackal!
The centaur wields a +0 shortbow.
The centaur shoots an arrow.
The arrow hits you.
You die...

Skill      XL: |  1  2  3 |
---------------+----------+-----
Summonings     | 5 |  5.1
Dodging        | |  1.5
Stealth        | |  3.0
Spellcasting   | |  2.7

Action                   |  1- 3 |  4- 6 || total
-------------------------+-------+-------++-------
Melee: Unarmed           |    18 |       ||    18
       Whip              |    59 |     4 ||    63
 Cast: Summon Small Mamm |    19 |     2 ||    21
       Call Canine Famil |     1 |       ||     1
 Abil: Spit Poison       |    10 |       ||    10
  Use: Potion            |     2 |       ||     2
       Scroll            |       |     3 ||     3
 Stab: Sleeping          |     1 |       ||     1
Armor: Robe              |    34 |       ||    34
       Scale mail        |       |    23 ||    23
Dodge: Dodged            |    82 |    16 ||    98

Levels and vault maps discovered:
D:1:      wander_arrival_estate, layout_basic, amethyst_killhole
D:2:      layout_rooms, ebering_ecumenical_altar_box, serial_shops, shop,
          grunt_ministairs_8, kennysheep_generic_room_10, uniq_terence
D:4:      layout_basic, nicolae_sif_muna_little_library
D:5:      layout_cave_pools, marbit_many_paths, nicolae_tso_besieged_by_evil,
          uniq_crazy_yiuf_cottage

Notes
Turn   | Place    | Note
-------+----------+-------------------------------------------
     0 | D:1      | spaghetti the Naga Summoner began the quest for the Orb.
     0 | D:1      | Reached XP level 1. HP: 15/15 MP: 3/3
     0 | D:1      | magus.rc [v1.9.6]
    22 | D:1      | HP: 3/15 [ball python (2)]
    24 | D:1      | HP: 1/15 [ball python (2)]
   322 | D:1      | Reached XP level 2. HP: 15/22 MP: 5/5
  1563 | D:2      | Reached XP level 3. HP: 24/28 MP: 3/6
  1616 | D:2      | HP: 7/28 [jackal (1)]
  1639 | D:2      | Learned a level 3 spell: Call Canine Familiar
  1822 | D:2      | Noticed Terence
  1834 | D:2      | Killed Terence
  1835 | D:2      | Reached skill level 5 in Summonings
  1835 | D:2      | Reached XP level 4. HP: 14/36 MP: 0/8
  2073 | D:2      | You fall into a shaft and drop 2 floors!
  2073 | D:4      | Noticed a necrophage
  2078 | D:5      | Entered Level 5 of the Dungeon
  2078 | D:5      | Noticed a phantom
  2084 | D:4      | Noticed a phantom
  2094 | D:4      | Noticed an ogre
  2098 | D:4      | HP: 1/34 [ogre/+0 giant club (24)]
  2099 | D:4      | Noticed a centaur
  2100 | D:4      | Shot with an arrow by a centaur

Vanquished Creatures
  4 bats
  4 endoplasms
  A giant cockroach (D:1)
  5 hobgoblins
  3 jackals
  A ball python (D:1)
  3 kobolds
  2 rats (D:1)
23 creatures vanquished.

Vanquished Creatures (collateral kills)
  Terence (D:2)
  2 ball pythons
  3 bats (D:1)
  3 endoplasms
  A hobgoblin (D:1)
  A jackal (D:2)
  A rat (D:1)
12 creatures vanquished.

Grand Total: 35 creatures vanquished

Table legend:
 A = Non-vault XP
 B = Vault XP
 C = Vault XP percentage of total XP
 D = Non-vault monster count
 E = Vault monster count
 F = Vault count percentage of total count
                 A         B        C        D         E       F
            +---------+---------+-------+---------+---------+-------
      Total |      60 |      38 |  38.8 |      34 |       1 |   2.9
            +---------+---------+-------+---------+---------+-------
        D:1 |      31 |       0 |   0.0 |      19 |       0 |   0.0
        D:2 |      27 |      38 |  58.5 |      14 |       1 |   6.7
        D:4 |       2 |       0 |   0.0 |       1 |       0 |   0.0
            +---------+---------+-------+---------+---------+-------

Illustrated notes

Table legend:
 A = Kills in this place as a percentage of kills in entire the game.
 B = Kills by you in this place as a percentage of kills by you in the entire game.
 C = Kills by friends in this place as a percentage of kills by friends in the entire game.
 D = Other kills in this place as a percentage of other kills in the entire game.
 E = Experience gained in this place as a percentage of experience gained in the entire game.
 F = Experience gained in this place divided by the number of levels of this place that you have seen.
                   A       B       C       D       E      F
               +-------+-------+-------+-------+-------+----------------------
         Total | 100.0 | 100.0 | 100.0 |   N/A | 100.0 |  24.5
       Dungeon | 100.0 | 100.0 | 100.0 |   N/A | 100.0 |  24.5
               +-------+-------+-------+-------+-------+----------------------

Table legend: (Time is in decaauts)
 A = Elapsed time spent in this place.
 B = Non-inter-level travel time spent in this place.
 C = Inter-level travel time spent in this place.
 D = Time resting spent in this place.
 E = Time spent auto-exploring this place.
 F = Levels seen in this place.
 G = Mean time per level.
                   A        B        C        D        E       F      G
               +--------+--------+--------+--------+--------+-----+--------+
         Total |   2359 |   2352 |      7 |    599 |   1382 |   4 |  589.8 |
       Dungeon |   2359 |   2352 |      7 |    599 |   1382 |   4 |  589.8 |
               +--------+--------+--------+--------+--------+-----+--------+

Top non-repeatable levels by time:
     D:1: 1907 daAuts
     D:2: 418 daAuts
     D:4: 27 daAuts
     D:5: 5 daAuts
